Match 46803626
Unlisted

Match 46803626
End
Construct Barracks
Riflemen Squad
Riflemen Squad
Grenade Package
Riflemen Squad
Mechanized Support Center
Engineer Squad
Construct Motor Pool
M8 Greyhound Armored Car
Construct Medical Station
Designate Forward Repair Station
Improvised Armor
Selects Special Operations Battlegroup
M3 75 mm Gun Motor Carriage
Boneless
Arwootarch
BazookaJoe
Antoine Trinh
_Nemez_
哎呀妈呀
0
0

Comments sign in to comment!

No comments posted yet!